CAL
LAKE ELSINORE STORM @ STOCKTON PORTS
05/28/2098
 
TOP OF THE 1ST
Lake Elsinore Storm batting - Pitching for Stockton Ports : RHP Chris Miller
Pitching: RHP Chris Miller
Batting: LHB Jimmy Newberry 0-0: Swinging Strike
0-1: Ball
1-1: Ball
2-1: Foul Ball, location: 2F
2-2: Strikes out swinging
Batting: RHB Rich Ortiz 0-0: Ball
1-0: Foul Ball, location: 3F
1-1: Foul Ball, location: 9LMF
1-2: Ball
2-2: Foul Ball, location: 7LMFF
2-2: Strikes out swinging
Batting: LHB Corey Noto 0-0: Ball
1-0: Ball
2-0: Foul Ball, location: 2F
2-1: Ground out 4-3 (Groundball, 4D, EV 108.8 MPH)
Top of the 1st over - 0 runs, 0 hits, 0 errors, 0 left on base; Lake Elsinore 0 - Stockton 0
BOTTOM OF THE 1ST
Stockton Ports batting - Pitching for Lake Elsinore Storm : RHP Wu Situ
Pitching: RHP Wu Situ
Batting: RHB Malachi Bazile 0-0: Called Strike
0-1: Ball
1-1: SINGLE (Line Drive, 3D, EV 103.8 MPH)
Batting: RHB John Glidden 0-0: Ball
1-0: Called Strike
1-1: Ball
2-1: Called Strike
2-2: Foul Ball, location: 9LDF
2-2: Strikes out swinging
Batting: RHB Mike Gohring 0-0: Ball
1-0: SINGLE (Groundball, 34, EV 80.0 MPH)
Malachi Bazile to second
Batting: SHB Andy Phillips 0-0: Called Strike
0-1: Ball
1-1: Fielders Choice at 2nd, 3-6 (Groundball, 34S, EV 81.3 MPH)
Malachi Bazile to third
Batting: RHB Steve Groh 0-0: Called Strike
0-1: Ball
1-1: Swinging Strike
1-2: Ball
2-2: SINGLE (Flyball, 89S, EV 90.6 MPH)
Malachi Bazile scores
Andy Phillips to second
Batting: LHB Matt Wiley 0-0: Reached on error, E6 (Groundball, 6S, EV 75.6 MPH)
Andy Phillips to third
Steve Groh to second
Batting: LHB Juan Martinez 0-0: Foul Ball, location: 7LSF
0-1: Ball
1-1: Foul Ball, location: 2F
1-2: Ball
2-2: Ground out U3 (Groundball, 3, EV 96.3 MPH)
Bottom of the 1st over - 1 run, 3 hits, 1 error, 3 left on base; Lake Elsinore 0 - Stockton 1
TOP OF THE 2ND
Lake Elsinore Storm batting - Pitching for Stockton Ports : RHP Chris Miller
Batting: LHB Scott Karchmer Jr. 0-0: Called Strike
0-1: Ball
1-1: Foul Ball, location: 7LMF
1-2: Strikes out looking
Batting: RHB Nick Spielman 0-0: Ball
1-0: Foul Ball, location: 9LMF
1-1: Ball
2-1: Swinging Strike
2-2: Ball
3-2: Strikes out looking
Batting: RHB Matt Anspach 0-0: Ground out 5-3 (Groundball, 56, EV 86.9 MPH)
Top of the 2nd over - 0 runs, 0 hits, 0 errors, 0 left on base; Lake Elsinore 0 - Stockton 1
BOTTOM OF THE 2ND
Stockton Ports batting - Pitching for Lake Elsinore Storm : RHP Wu Situ
Batting: RHB Jamal Smith 0-0: Called Strike
0-1: Called Strike
0-2: Strikes out looking
Batting: RHB Kevin Paquette 0-0: Called Strike
0-1: Ball
1-1: Ground out 3-1 (Groundball, 34, EV 106.9 MPH)
Batting: RHB Malachi Bazile 0-0: Called Strike
0-1: SOLO HOME RUN (Line Drive, 9D, EV 100.0 MPH), Distance : 379 ft
Batting: RHB John Glidden 0-0: Swinging Strike
0-1: Ball
1-1: Ball
2-1: Fly out, F5 (Popup, 25, EV 84.4 MPH)
Bottom of the 2nd over - 1 run, 1 hit, 0 errors, 0 left on base; Lake Elsinore 0 - Stockton 2
TOP OF THE 3RD
Lake Elsinore Storm batting - Pitching for Stockton Ports : RHP Chris Miller
Batting: RHB Tony Sanchez 0-0: Ball
1-0: Ball
2-0: Called Strike
2-1: Called Strike
2-2: Ball
3-2: Foul Ball, location: 3FF
3-2: Foul Ball, location: 2RF
3-2: SINGLE (Line Drive, 7S, EV 110.0 MPH)
Batting: RHB Melvin Fraire 0-0: Called Strike
0-1: Fly out, F8 (Flyball, 8RM, EV 76.3 MPH)
Batting: RHB Brian Littrell 0-0: Ball
1-0: Fly out, F8 (Flyball, 8RM, EV 92.5 MPH)
Batting: LHB Jimmy Newberry 0-0: Ball
1-0: Foul Ball, location: 7LDF
1-1: Ball
2-1: Swinging Strike
2-2: Foul Ball, location: 7LMF
2-2: Strikes out looking
Top of the 3rd over - 0 runs, 1 hit, 0 errors, 1 left on base; Lake Elsinore 0 - Stockton 2
BOTTOM OF THE 3RD
Stockton Ports batting - Pitching for Lake Elsinore Storm : RHP Wu Situ
Batting: RHB Mike Gohring 0-0: Called Strike
0-1: Swinging Strike
0-2: Foul Ball, location: 3FF
0-2: Foul Ball, location: 2F
0-2: Strikes out swinging
Batting: SHB Andy Phillips 0-0: Foul Ball, location: 2F
0-1: Foul Ball, location: 3F
0-2: Foul Ball, location: 2F
0-2: Ball
1-2: Ground out 1-4-3 (Groundball, 15S, EV 81.3 MPH)
Batting: RHB Steve Groh 0-0: Foul Ball, location: 2F
0-1: Foul Ball, location: 9LMF
0-2: Ball
1-2: Strikes out looking
Bottom of the 3rd over - 0 runs, 0 hits, 0 errors, 0 left on base; Lake Elsinore 0 - Stockton 2
TOP OF THE 4TH
Lake Elsinore Storm batting - Pitching for Stockton Ports : RHP Chris Miller
Batting: RHB Rich Ortiz 0-0: Ball
1-0: Ball
2-0: Ball
3-0: Called Strike
3-1: Fly out, F8 (Flyball, 78M, EV 98.8 MPH)
Batting: LHB Corey Noto 0-0: Ball
1-0: Ball
2-0: Called Strike
2-1: Called Strike
2-2: Strikes out swinging
Batting: LHB Scott Karchmer Jr. 0-0: Called Strike
0-1: Ball
1-1: Foul Ball, location: 7LMF
1-2: Strikes out swinging
Top of the 4th over - 0 runs, 0 hits, 0 errors, 0 left on base; Lake Elsinore 0 - Stockton 2
BOTTOM OF THE 4TH
Stockton Ports batting - Pitching for Lake Elsinore Storm : RHP Wu Situ
Batting: LHB Matt Wiley 0-0: DOUBLE (Line Drive, 7LS, EV 86.9 MPH)
Batting: LHB Juan Martinez 0-0: Foul Ball, location: 25FF
0-1: Ball
1-1: Foul Ball, location: 5F
1-2: Foul Ball, location: 5F
1-2: Ball
2-2: Ball
3-2: SINGLE (Groundball, 4MD, EV 108.1 MPH)
Matt Wiley to third
Runner from 3rd tries for Home, SAFE, throw by CF to home
Batting: RHB Jamal Smith 0-0: Fly out, F7 (Flyball, 7S, EV 71.9 MPH)
Batting: RHB Kevin Paquette 0-0: Fly out, F8 (Flyball, 8RM, EV 98.8 MPH)
Batting: RHB Malachi Bazile 0-0: Called Strike
0-1: Ball
1-1: Swinging Strike
1-2: Fly out, F8 (Flyball, 8LD, EV 99.4 MPH)
Bottom of the 4th over - 1 run, 2 hits, 0 errors, 1 left on base; Lake Elsinore 0 - Stockton 3
TOP OF THE 5TH
Lake Elsinore Storm batting - Pitching for Stockton Ports : RHP Chris Miller
Batting: RHB Nick Spielman 0-0: Called Strike
0-1: Foul Ball, location: 9LSF
0-2: Ball
1-2: Foul Ball, location: 7LSF
1-2: Strikes out looking
Batting: RHB Matt Anspach 0-0: Ball
1-0: Ball
2-0: Called Strike
2-1: Ball
3-1: Base on Balls
Batting: RHB Tony Sanchez 0-0: Called Strike
0-1: Foul Ball, location: 2F
0-2: SINGLE (Line Drive, 6D, EV 103.1 MPH)
Matt Anspach to second
Batting: RHB Melvin Fraire 0-0: Grounds into double play, 3-6-1 (Groundball, 3, EV 90.0 MPH)
Top of the 5th over - 0 runs, 1 hit, 0 errors, 1 left on base; Lake Elsinore 0 - Stockton 3
BOTTOM OF THE 5TH
Stockton Ports batting - Pitching for Lake Elsinore Storm : RHP Wu Situ
Batting: RHB John Glidden 0-0: Called Strike
0-1: Foul Ball, location: 25FF
0-2: Strikes out swinging
Batting: RHB Mike Gohring 0-0: Foul Ball, location: 2F
0-1: Swinging Strike
0-2: Ball
1-2: Fly out, F9 (Flyball, 9D, EV 81.3 MPH)
Batting: SHB Andy Phillips 0-0: Ball
1-0: Swinging Strike
1-1: Swinging Strike
1-2: Ball
2-2: Foul Ball, location: 7LSF
2-2: Fly out, F8 (Flyball, 8RXD, EV 106.9 MPH)
Bottom of the 5th over - 0 runs, 0 hits, 0 errors, 0 left on base; Lake Elsinore 0 - Stockton 3
TOP OF THE 6TH
Lake Elsinore Storm batting - Pitching for Stockton Ports : RHP Chris Miller
Batting: RHB Brian Littrell 0-0: Called Strike
0-1: SINGLE (Groundball, 6MD, EV 93.8 MPH)
Batting: LHB Jimmy Newberry 0-0: Ball
Passed Ball!
Brian Littrell to second
1-0: Hit by Pitch
Batting: RHB Rich Ortiz 0-0: Ball
1-0: Called Strike
1-1: Ball
2-1: Ball
3-1: Grounds into double play, 4-6-3 (Groundball, 13, EV 87.5 MPH)
Brian Littrell to third
Batting: LHB Corey Noto 0-0: Ball
1-0: Ball
2-0: Called Strike
2-1: Ball
3-1: Base on Balls
Pitching: LHP Alex Ponce
Batting: LHB Scott Karchmer Jr. 0-0: Ball
1-0: Called Strike
1-1: Foul Ball, location: 3F
1-2: Foul Ball, location: 7LDF
1-2: Ball
2-2: Strikes out swinging
Top of the 6th over - 0 runs, 1 hit, 0 errors, 2 left on base; Lake Elsinore 0 - Stockton 3
BOTTOM OF THE 6TH
Stockton Ports batting - Pitching for Lake Elsinore Storm : RHP Wu Situ
Pitching: RHP Paul Dunford
Batting: RHB Steve Groh 0-0: Swinging Strike
0-1: Called Strike
0-2: Ball
1-2: Foul Ball, location: 2F
1-2: Foul Ball, location: 9LMF
1-2: Ball
2-2: Ground out 5-3 (Groundball, 5L, EV 92.5 MPH)
Batting: LHB Matt Wiley 0-0: Called Strike
0-1: Foul Ball, location: 2F
0-2: Ball
1-2: Ball
2-2: Ball
3-2: Base on Balls
Batting: LHB Juan Martinez 0-0: Called Strike
0-1: Foul Ball, location: 3F
0-2: Ball
1-2: SINGLE (Groundball, 34D, EV 109.4 MPH)
Matt Wiley to second
Runner from 2nd tries for 3rd, SAFE, throw by RF made to third
Batting: RHB Jamal Smith 0-0: Called Strike
0-1: Fly out, F8 (Flyball, 8LXD, EV 83.1 MPH)
Runner from 3rd tags up, SCORES, no throw by CF
Batting: RHB Kevin Paquette 0-0: Ground out 5-3 (Groundball, 56S, EV 76.3 MPH)
Bottom of the 6th over - 1 run, 1 hit, 0 errors, 1 left on base; Lake Elsinore 0 - Stockton 4
TOP OF THE 7TH
Lake Elsinore Storm batting - Pitching for Stockton Ports : LHP Alex Ponce
Batting: RHB Nick Spielman 0-0: Ball
1-0: Ball
2-0: Foul Ball, location: 9LSF
2-1: Foul Ball, location: 9LMF
2-2: Foul Ball, location: 9LSF
2-2: Ground out 6-3 (Groundball, 6, EV 103.8 MPH)
Batting: RHB Matt Anspach 0-0: Called Strike
0-1: Ball
1-1: Ball
2-1: Foul Ball, location: 2F
2-2: Strikes out swinging
Batting: RHB Tony Sanchez 0-0: Ball
1-0: Ball
2-0: Called Strike
2-1: Ball
3-1: Foul Ball, location: 3F
3-2: Fly out, F9 (Flyball, 9, EV 90.6 MPH)
Top of the 7th over - 0 runs, 0 hits, 0 errors, 0 left on base; Lake Elsinore 0 - Stockton 4
BOTTOM OF THE 7TH
Stockton Ports batting - Pitching for Lake Elsinore Storm : RHP Paul Dunford
Pitching: LHP Pablo Valdivia
Batting: RHB Malachi Bazile 0-0: Called Strike
0-1: TRIPLE (Line Drive, 89XD, EV 110.6 MPH)
Batting: RHB John Glidden 0-0: Called Strike
0-1: Ball
1-1: Swinging Strike
1-2: Foul Ball, location: 2F
1-2: Ball
2-2: Strikes out swinging
Batting: RHB Mike Gohring 0-0: Called Strike
0-1: Swinging Strike
0-2: Fly out, F9 (Flyball, 9, EV 87.5 MPH)
Runner from 3rd tags up, SCORES, throw by RF
Batting: SHB Andy Phillips 0-0: Foul Ball, location: 9LMF
0-1: Foul Ball, location: 25FF
0-2: Fly out, F8 (Flyball, 8RXD, EV 102.5 MPH)
Bottom of the 7th over - 1 run, 1 hit, 0 errors, 0 left on base; Lake Elsinore 0 - Stockton 5
TOP OF THE 8TH
Lake Elsinore Storm batting - Pitching for Stockton Ports : LHP Alex Ponce
Batting: RHB Melvin Fraire 0-0: Ball
1-0: Ball
2-0: Ball
3-0: Called Strike
3-1: Called Strike
3-2: Strikes out swinging, 2-3 out at first.
Batting: RHB Brian Littrell 0-0: Ball
1-0: Called Strike
1-1: Called Strike
1-2: Ball
2-2: Ball
3-2: Strikes out swinging
Batting: LHB Jimmy Newberry 0-0: Ball
1-0: Called Strike
1-1: SINGLE (Line Drive, 7S, EV 95.0 MPH)
Batting: RHB Rich Ortiz 0-0: Ball
1-0: Ball
2-0: Ball
3-0: Called Strike
3-1: Foul Ball, location: 2F
3-2: Fly out, F8 (Flyball, 8RM, EV 91.3 MPH)
Top of the 8th over - 0 runs, 1 hit, 0 errors, 1 left on base; Lake Elsinore 0 - Stockton 5
BOTTOM OF THE 8TH
Stockton Ports batting - Pitching for Lake Elsinore Storm : LHP Pablo Valdivia
Batting: RHB Steve Groh 0-0: Swinging Strike
0-1: Foul Ball, location: 2F
0-2: Ball
1-2: Ball
2-2: Ball
3-2: Strikes out looking
Batting: LHB Matt Wiley 0-0: Ball
1-0: Called Strike
1-1: Fly out, F8 (Flyball, 89S, EV 90.0 MPH)
Batting: LHB Juan Martinez 0-0: SINGLE (Groundball, 6MD, EV 105.6 MPH)
Batting: RHB Jamal Smith 0-0: Ball
1-0: Ball
2-0: Swinging Strike
2-1: Ball
3-1: Fielders Choice at 2nd, 5-4 (Groundball, 5L, EV 87.5 MPH)
Bottom of the 8th over - 0 runs, 1 hit, 0 errors, 1 left on base; Lake Elsinore 0 - Stockton 5
TOP OF THE 9TH
Lake Elsinore Storm batting - Pitching for Stockton Ports : LHP Alex Ponce
Batting: LHB Corey Noto 0-0: Ball
1-0: Ball
2-0: Called Strike
2-1: Ball
3-1: Foul Ball, location: 7LDF
3-2: Fly out, F7 (Line Drive, 7, EV 108.1 MPH)
Batting: LHB Scott Karchmer Jr. 0-0: Called Strike
0-1: Ball
1-1: Called Strike
1-2: Strikes out swinging
Batting: RHB Nick Spielman 0-0: Ball
1-0: Ball
2-0: Called Strike
2-1: SINGLE (Line Drive, 7S, EV 84.4 MPH)
Pitching: RHP Steve Mitchell
Batting: RHB Matt Anspach 0-0: Ball
1-0: Foul Ball, location: 9LSF
1-1: Swinging Strike
1-2: Ball
2-2: Strikes out swinging
Top of the 9th over - 0 runs, 1 hit, 0 errors, 1 left on base; Lake Elsinore 0 - Stockton 5
Thursday, April 4th , 2024 - OOTP Baseball 24.11 Build 85